AoeStats
← 游先生的游戏机

Arena

505386615Analyzed
1v1 RM · 23d ago on Sep 9, 2026· 19m 38s· 2 players
Game mode
Random Map
Map size
Tiny (2 player)
Population
200
Speed
Normal
Resources
Standard
Victory
Conquest
Starting age
Dark Age
Ending age
Imperial Age
RankedLock teamsTeams togetherTeam positionsShared explorationLock speedFull tech treeHidden civsTurbo modeCheats
Victory
Defeat
🇲🇽 Cumans · Mexico
798
+17
🇨🇳 Slavs · China
816
-17
retroesam
11:26 Feudal Age
9:42 Loom
12:14 Double-Bit Axe
14:47 Horse Collar
17:45 Forging
17:35 Scale Mail Armor
游先生的游戏机
2:25 Loom
11:24 Feudal Age
11:46 Horse Collar
11:54 Double-Bit Axe
12:03 Gold Mining
12:52 Wheelbarrow
19:48 Castle Age
18:15 Stone Mining
18:32 Man-at-Arms
19:32 Forging
Connection lost

Rejoining the realm…

Still unreachable

The connection could not be restored.

Session expired

The server has moved on; the page needs a fresh start.